 Dungeon Crawl Stone Soup version 0.15-a0-406-g67ee53a (console) character file.

905 xw the Cleaver (level 7, -9/57 HPs)
             Began as a Minotaur Fighter on May 4, 2014.
             Killed by divine providence
             ... invoked by an orc priest
              (12 damage)
             ... on Level 4 of the Dungeon.
             The game lasted 00:01:40 (3988 turns).

xw the Cleaver (Minotaur Fighter)                   Turns: 3988, Time: 00:01:40

HP  -9/57        AC  6     Str 22      XL: 7   Next: 44%
MP   3/3         EV  6     Int  5      God:
Gold 177         SH 19     Dex 10      Spells:  0 memorised,  6 levels left

rFire  . . .     SeeInvis .     Y - +1,+0 war axe {mapnotes,}
rCold  . . .     Clarity  .     b - +0 scale mail
rNeg   . . .     Conserve .     c - +0 shield
rPois  .         rCorr    .     (helmet restricted)
rElec  .         rRot     .     (no cloak)
SustAb . .       Spirit   .     (no gloves)
rMut   .         Warding  .     (no boots)
Saprov . . .     Stasis   .     (no amulet)
MR     .....                    (no ring)
                                (no ring)

@: slowed, very slow, not resistant to hostile enchantments, extremely
unstealthy
A: retaliatory headbutt, horns 2
a: no special abilities


You were on level 4 of the Dungeon.
You were hungry.

You visited 1 branch of the dungeon, and saw 4 of its levels.

You collected 177 gold pieces.

Inventory:

Hand weapons
 Y - a +1,+0 war axe (weapon) {mapnotes,}
Missiles
 i - 50 stones (quivered)
 j - 55 darts
 o - 2 darts of dispersal
 s - 6 poisoned darts
Armour
 b - a +0 scale mail (worn)
 c - a +0 shield (worn)
Comestibles
 d - 2 bread rations
 f - a pear
 l - 5 strawberries
 p - a lychee
Scrolls
 h - a scroll of amnesia
 n - 3 scrolls of identify
Potions
 e - a potion of might


   Skills:
 - Level 3.6 Fighting
 * Level 8.6 Axes
 + Level 4.2 Throwing
 - Level 3.6 Armour
 - Level 3.6 Shields


You had 6 spell levels left.
You didn't know any spells.

Dungeon Overview and Level Annotations

Branches:
Dungeon (4/15)
 Temple: D:4-7

Altars:
Dithmenos


Innate Abilities, Weirdness & Mutations

You reflexively headbutt those who attack you in melee.
You have a pair of horns on your head.


Message History

3977 ||| turn
3978 ||| turn The orc wizard gestures at you while chanting.
3979 ||| turn The orc wizard mumbles some strange words.
3980 ||| turn
3981 ||| turn
3982 ||| turn
3983 ||| turn The orc wizard casts a spell at you.
3984 ||| turn
3985 ||| turn The orc wizard points at you and mumbles some strange words.
3986 ||| turn
3987 ||| turn The orc priest calls down the wrath of Beogh upon you.
3988 ||| turn The orc wizard points at you and mumbles some strange words.
The orc priest mumbles some strange prayers to Beogh against you.
You die...

########## #........#
#....>...#
######...<....#
#.............#
#.........###### .
#...<.....# .# (..
#.........####.#oo(..?
#....%....##.H.oOo...>
#.........##.#######.#
#.........##.## ####
#.........<...# .....
#.............#......
#.............#......
#######.......'......#
#.....#%#......
#.....#.#####+


You could see an ogre, an orc priest, an orc wizard and 2 orcs.

Vanquished Creatures
  The ghost of xw the Chopper, an average MiFi (D:4)
  The ghost of xw the Chopper, an average MiFi (D:3)
  7 big fish (D:3)
  An orc wizard (D:3)
  A worker ant (D:3)
  6 adders
  12 orcs
  8 bats
  2 giant cockroaches
  15 goblins
  11 hobgoblins
  12 jackals (D:2)
  3 ball pythons
  A giant gecko (D:3)
  2 giant newts
  11 kobolds
  A kobold skeleton (D:4)
  3 quokkas
  6 rats
  A plant (D:3)
105 creatures vanquished.

Notes
Turn   | Place    | Note
--------------------------------------------------------------
     0 | D:1      | xw, the Minotaur Fighter, began the quest for the Orb.
     0 | D:1      | Reached XP level 1. HP: 19/19 MP: 1/1
   232 | D:1      | Reached XP level 2. HP: 26/26 MP: 1/1
   256 | D:1      | Fleeing towards (-1,-1) corridor
   327 | D:1      | Reached skill level 1 in Throwing
   664 | D:1      | TESTING POTIONS
   665 | D:1      | TESTING POTIONS
   666 | D:1      | TESTING SCROLLS
   667 | D:1      | TESTING SCROLLS
   668 | D:1      | TESTING SCROLLS
   669 | D:1      | TESTING SCROLLS
   670 | D:1      | Dropping junk: scroll of fear
   671 | D:1      | Dropping junk: rotting chunk of bat flesh
   711 | D:2      | Reached XP level 3. HP: 23/31 MP: 2/2
   832 | D:2      | Fleeing towards (4,-1) corridor
   833 | D:2      | Fleeing towards (4,0) corridor
   834 | D:2      | Reached skill level 4 in Axes
  1300 | D:2      | Fleeing towards (-1,-2) corridor
  1301 | D:2      | Fleeing towards (-1,-1) corridor
  1392 | D:2      | Reached XP level 4. HP: 39/39 MP: 2/2
  2101 | D:2      | Fleeing towards (1,0) corridor
  2103 | D:2      | Fleeing towards (1,-1) corridor
  2104 | D:2      | Fleeing towards (0,-1) corridor
  2166 | D:2      | TESTING POTIONS
  2167 | D:2      | TESTING POTIONS
  2168 | D:2      | TESTING POTIONS
  2169 | D:2      | TESTING SCROLLS
  2170 | D:2      | TESTING SCROLLS
  2199 | D:3      | Reached skill level 5 in Axes
  2274 | D:3      | Noticed xw's ghost (average MiFi)
  2282 | D:3      | Killed xw's ghost
  2282 | D:3      | Reached skill level 6 in Axes
  2282 | D:3      | Reached XP level 5. HP: 43/45 MP: 2/2
  2345 | D:3      | Found a shadowy altar of Dithmenos.
  2372 | D:3      | ignoring goblin
  2372 | D:3      | ignoring hobgoblin
  2375 | D:3      | Fleeing towards (3,2) corridor
  2377 | D:3      | Fleeing towards (1,1) corridor
  2378 | D:3      | Fleeing towards (0,1) corridor
  2379 | D:3      | Fleeing towards (-1,1) corridor
  2380 | D:3      | Fleeing towards (0,1) corridor
  2386 | D:3      | Reached XP level 6. HP: 41/51 MP: 3/3
  2648 | D:3      | Fleeing towards (2,-5) corridor
  2650 | D:3      | Fleeing towards (1,-3) corridor
  2652 | D:3      | Fleeing towards (1,-1) corridor
  2717 | D:3      | ignoring big fish
  2720 | D:3      | TESTING SCROLLS
  2772 | D:3      | Reached skill level 7 in Axes
  3015 | D:3      | ignoring bat
  3208 | D:3      | Fleeing towards (0,3) corridor
  3570 | D:3      | TESTING POTIONS
  3570 | D:3      | Paralysed by a potion of paralysis for 6 turns
  3576 | D:3      | TESTING SCROLLS
  3577 | D:3      | TESTING SCROLLS
  3578 | D:3      | Dropping junk: rotting chunk of orc flesh
  3658 | D:4      | Noticed xw's ghost (average MiFi)
  3658 | D:4      | Fleeing towards (6,3) corridor
  3659 | D:4      | Fleeing towards (3,1) corridor
  3660 | D:4      | Fleeing towards (2,0) corridor
  3661 | D:4      | Fleeing towards (1,-1) corridor
  3662 | D:4      | Fleeing towards (-1,-1) corridor
  3672 | D:4      | Killed xw's ghost
  3672 | D:4      | Reached skill level 8 in Axes
  3672 | D:4      | Reached XP level 7. HP: 6/57 MP: 3/3
  3676 | D:4      | HP: 2/57 [orc (3)]
  3682 | D:4      | HP: 2/57 [adder (1)]
  3683 | D:4      | HEALING POTION g
  3988 | D:4      | Killed from afar by an orc priest

Action                   |  1- 3 |  4- 6 |  7- 9 || total
-------------------------+-------+-------+-------++-------
Melee: War axe           |    77 |    82 |    23 ||   182
Throw: Dart              |    24 |       |       ||    24
       Stone             |    29 |    86 |    13 ||   128
  Use: Scroll            |     4 |     5 |       ||     9
       Potion            |     2 |     4 |     1 ||     7

Vault maps used:
D:1:      minmay_arrival_solitary_statue
D:3:      kennysheep_the_goblin_king, lemuel_crystal_altar,
          guppyfry_early_lair_pool
D:4:      serial_shops, kennysheep_mini_moat
